Map: The Vermillion Problem

Players

Maguro

  • Race: Zerg Zerg
  • Spawn Location: 11:00

Lion

  • Race: Protoss Protoss
  • Spawn Location: 11:00

VOD

Have the link to the VOD?

Description

Time

  • Played on: June 14, 2018, 4:28 a.m.
  • Length: 22:55
Show
View Real Time Build Order
Export as new Build Order

Maguro Zerg 

Build Orders:  

Get SALT Encoding   

  12  0:06  Drone  
  13  0:19  Overlord  
  13  0:25  Drone  
  14  0:44  Drone x2  
  14  0:47  Drone  
  17  1:05  Drone  
  18  1:23  Hatchery  
  18  1:26  Drone  
  18  1:34  Drone  
  19  1:47  Drone  
  20  2:00  Drone  
  20  2:04  Extractor  
  20  2:06  Extractor  
  19  2:11  Drone  
  20  2:23  Spawning Pool, Drone  
  20  2:25  Drone  
  21  2:32  Drone  
  21  2:39  Drone  
  23  2:43  Drone  
  24  2:55  Drone x2  
  26  3:05  Lair  
  26  3:07  Overlord  
  26  3:12  Drone  
  27  3:22  Evolution Chamber  
  27  3:25  Drone  
  27  3:27  Drone  
  28  3:33  Drone  
  28  3:38  Drone  
  30  3:42  Drone  
  30  3:49  Drone  
  32  4:06  Hive  
  32  4:08  Heroic Fortitude  
  32  4:37  Chain Reaction  
  32  5:01  Drone x4  
  36  5:16  Hatchery  
  36  5:18  Ability Efficiency  
  35  5:25  Spire  
  35  5:29  Drone  
  35  5:30  Drone  
  35  5:31  Overlord  
  36  6:04  Metabolic Boost  
  36  6:11  Zerg Melee Weapons Level 1  
  36  6:12  Rapid Regeneration  
  36  6:26  Drone  
  36  6:28  Hardened Carapace  
  37  6:32  Drone  
  37  6:33  Drone x10  
  37  6:38  Vicious Glave  
  48  6:48  Drone  
  48  6:49  Extractor  
  48  6:50  Extractor  
  48  6:55  Overlord  
  47  7:04  Drone  
  48  7:13  Adrenal Overload  
  48  7:14  Sundering Glave  
  48  7:24  Zerg Melee Weapons Level 2  
  48  7:42  Drone x2  
  50  8:03  Overlord x3  
  50  8:07  Zerg Flyer Weapons Level 1  
  50  8:08  Shredding Claws  
  50  8:21  Overlord x2  
  50  8:22  Overlord  
  50  8:27  Drone x2  
  52  8:52  Zerg Melee Weapons Level 3  
  52  8:55  Drone x2  
  54  9:02  Hatchery  
  65  9:22  Zerg Flyer Armor Level 1  
  65  9:33  Unknown  
  65  9:34  Unknown x5  
  69  9:47  Pneumatized Carapace  
  69  9:48  Overseer  
  69  9:49  Overseer  
  69  9:55  Zergling x2  
  69  9:56  Zergling x24  
  82  10:04  Unknown  
  82  10:05  Unknown  
  82  10:11  Overlord x4  
  82  10:20  Zerg Ground Armor Level 1  
  82  10:26  Zerg Flyer Weapons Level 2  
  82  10:37  Zergling x4  
  82  10:38  Zergling x6  
  91  11:00  Zergling x6  
  91  11:01  Zergling x3  
  91  11:06  Zergling x4  
  91  11:07  Zergling x10  
  91  11:08  Zergling x16  
  91  11:09  Unknown, Zergling x16  
  68  11:10  Unknown, Zergling x10  
  102  11:11  Zergling x6  
  102  11:12  Zergling x14  
  102  11:13  Zergling  
  102  11:14  Zergling  
  102  11:15  Zergling  
  102  11:16  Zergling x7  
  102  11:17  Zergling x7  
  102  11:18  Zergling x5  
  102  11:19  Zergling x4  
  99  11:20  Zergling x5  
  99  11:21  Zergling x8  
  99  11:22  Zergling x8  
  99  11:23  Zergling x3  
  99  11:24  Zergling  
  99  11:27  Zergling x11  
  99  11:29  Zergling x2  
  99  11:30  Zergling x3  
  99  11:31  Zergling x3  
  99  11:32  Zergling  
  99  11:33  Zergling x7  
  99  11:34  Zergling x8  
  99  11:35  Zergling x7  
  99  11:36  Zergling x13  
  99  11:37  Zergling x8  
  99  11:38  Zergling x17  
  99  11:39  Zergling x3  
  101  11:41  Unknown  
  101  11:42  Unknown x2  
  100  11:58  Zergling x6  
  105  12:01  Zerg Ground Armor Level 2  
  105  12:06  Zergling  
  105  12:08  Zergling x4  
  105  12:09  Zergling x12  
  74  12:10  Unknown x3, Zergling x19  
  105  12:11  Unknown, Zergling x10  
  105  12:12  Zergling x12  
  105  12:13  Zergling x8  
  105  12:14  Zergling x9, Zerg Flyer Weapons Level 3  
  105  12:15  Zergling x14  
  105  12:17  Unknown  
  105  12:25  Zergling x2  
  105  12:26  Zergling x12  
  112  12:30  Unknown  
  112  12:34  Zergling x6  
  112  12:35  Zergling x7  
  112  12:36  Zergling x18  
  112  12:37  Zergling x14  
  112  12:38  Zergling x4  
  112  12:39  Zergling x9  
  107  12:40  Zergling x9  
  107  12:41  Zergling x9  
  107  12:42  Zergling x9  
  107  12:43  Zergling x10  
  107  12:44  Zergling x6  
  107  12:46  Zergling x18  
  107  12:47  Zergling x4  
  107  12:48  Zergling x9  
  107  12:49  Zergling x10  
  105  12:50  Zergling x8  
  105  12:52  Zergling x5  
  105  12:53  Zergling x2  
  105  12:54  Zergling x6  
  105  12:55  Zergling x5  
  104  13:00  Zergling x8  
  104  13:01  Zergling x17  
  104  13:02  Zergling x5  
  104  13:03  Zergling x2  
  104  13:04  Zergling x4  
  104  13:05  Zergling x12  
  104  13:06  Zergling x6  
  104  13:07  Zergling x8  
  104  13:09  Zergling  
  80  13:10  Zergling x15  
  92  13:11  Zergling x10  
  92  13:12  Zergling x12  
  92  13:13  Zergling x11  
  92  13:14  Zergling x15  
  92  13:15  Zergling x3  
  92  13:16  Zergling x6  
  92  13:17  Zergling x9  
  92  13:18  Zergling  
  92  13:19  Zergling x4  
  88  13:20  Zergling x7  
  100  13:39  Zergling x4  
  100  13:40  Zergling x9  
  100  13:41  Zergling x6  
  100  13:42  Zergling x11  
  100  13:43  Zergling x6  
  100  13:44  Zergling x11  
  100  13:47  Zerg Flyer Armor Level 2  
  104  13:50  Overlord x6  
  104  13:53  Unknown, Zergling x2  
  104  13:54  Unknown x5, Zergling x8  
  104  13:55  Zergling x7  
  104  13:56  Zergling x18  
  104  13:57  Zergling x13  
  105  14:13  Unknown x2  
  98  14:20  Zergling x3  
  98  14:21  Zergling x5  
  98  14:22  Zergling x4  
  98  14:23  Zergling x10  
  98  14:24  Zergling x7  
  98  14:25  Zergling x10  
  98  14:26  Zergling x2  
  98  14:28  Zergling x2  
  98  14:29  Zergling x8  
  106  14:39  Drone x2  
  108  14:51  Zergling x9  
  108  14:52  Zergling x4  
  108  14:53  Zergling  
  108  14:54  Zergling x7  
  108  14:55  Zergling x5  
  108  14:56  Zergling x18  
  108  14:58  Zergling x14  
  116  15:00  Unknown, Zergling  
  116  15:01  Unknown x2  
  116  15:03  Zergling  
  116  15:04  Zergling x3  
  116  15:28  Unknown  
  116  15:29  Unknown, Zergling x8  
  104  15:50  Hatchery  
  104  15:51  Zergling x8  
  104  15:54  Hatchery  
  104  15:59  Unknown  
  112  16:00  Unknown x3  
  112  16:05  Zergling x6  
  112  16:07  Zerg Flyer Armor Level 3  
  112  16:08  Zergling x5  
  117  16:13  Zergling x9  
  117  16:14  Zergling x6  
  117  16:15  Zergling x4  
  117  16:16  Zergling x9  
  117  16:17  Zergling x3  
  117  16:18  Zergling x7  
  117  16:19  Zergling x5  
  117  16:21  Zergling  
  117  16:23  Zergling x8, Unknown x3, Drone x2  
  117  16:24  Hatchery, Zergling x6  
  117  16:25  Zergling x2  
  117  16:26  Zergling x4  
  117  16:27  Zergling x8  
  117  16:28  Hatchery, Zergling x5  
  117  16:29  Zergling x3  
  117  16:33  Zergling x8  
  117  16:34  Zergling x6  
  117  16:35  Zergling x5  
  117  16:37  Unknown  
  115  16:49  Zergling x2  
  91  16:50  Zergling x12  
  91  16:58  Zergling x2  
  91  16:59  Zergling x2  
  101  17:21  Unknown  
  101  17:22  Unknown x2  
  101  17:31  Unknown  
  101  17:39  Zergling x12  
  104  17:40  Zergling x3  
  104  17:41  Zergling x3  
  104  17:42  Zergling x8  
  104  17:43  Zergling x8  
  104  17:44  Zergling x6  
  104  17:45  Unknown  
  104  17:46  Zergling x8  
  104  17:47  Zergling x7  
  104  17:48  Zergling x4  
  104  17:50  Zergling  
  104  17:52  Zergling x11  
  104  17:53  Zergling x3  
  104  17:54  Zergling x3  
  104  17:55  Zergling x2  
  104  17:56  Zergling  
  104  17:57  Zergling x4  
  104  17:59  Zergling x3  
  104  18:01  Zergling x5  
  104  18:02  Zergling  
  104  18:03  Zergling x5  
  104  18:04  Zergling x10  
  104  18:05  Zergling x7  
  104  18:06  Zergling x7  
  104  18:07  Zergling x4  
  104  18:08  Zergling  
  104  18:09  Unknown  
  104  18:10  Unknown  
  104  18:14  Zergling x5  
  104  18:15  Zergling x5  
  104  18:16  Zergling x6  
  104  18:17  Zergling x5  
  104  18:18  Zergling x36  
  104  18:19  Zergling x22  
  140  18:33  Zergling x5  
  140  18:34  Zergling x6  
  140  18:35  Zergling x3  
  140  18:36  Zergling x5  
  140  18:37  Zergling x4  
  137  18:43  Zergling x3  
  137  18:44  Zergling x26  
  137  18:45  Zergling x6  
  137  18:46  Zergling x5  
  137  18:47  Zergling x3  
  137  18:48  Zergling x4  
  137  18:49  Unknown, Zergling x4  
  151  18:50  Unknown x4, Zergling x11  
  151  18:51  Zergling x19  
  151  18:52  Zergling x5  
  151  18:53  Zergling x5  
  151  18:54  Zergling x8  
  151  18:55  Zergling x16  
  151  18:56  Zergling x13  
  151  18:57  Zergling x6  
  151  18:58  Zergling x21  
  151  18:59  Zergling x9  
  148  19:00  Zergling x33  
  148  19:01  Zergling x5  
  148  19:02  Zergling x8  
  148  19:03  Zergling x5  
  148  19:04  Zergling x4  
  148  19:05  Zergling  
  148  19:06  Zergling x18  
  145  19:15  Unknown  
  145  19:16  Unknown  
  145  19:18  Zergling x4  
  145  19:19  Zergling x12  
  159  19:20  Zergling x2  
  160  19:36  Zergling  
  160  19:38  Zergling x10  
  160  19:39  Zergling x28  
  168  19:40  Zergling x5  
  168  19:41  Zergling x18  
  168  19:42  Zergling x27  
  168  19:43  Zergling x30  
  168  19:44  Zergling x17  
  168  19:45  Zergling x16  
  168  19:46  Zergling x13  
  168  19:47  Zergling x29  
  168  19:48  Zergling x19  
  168  19:49  Zergling x20  
  168  19:50  Unknown, Zergling x41  
  168  19:51  Unknown x2, Zergling x23  
  168  19:52  Zergling x22  
  168  19:53  Zergling x14  
  168  19:54  Zergling x43  
  168  19:55  Zergling x13  
  168  19:56  Zergling x21  
  168  19:57  Zergling x12  
  168  19:58  Zergling x10  
  168  19:59  Zergling x21  
  172  20:00  Zergling x27  
  172  20:01  Zergling x17  
  172  20:02  Zergling x15  
  172  20:03  Zergling x8  
  172  20:04  Zergling x3  
  172  20:06  Zergling x2  
  172  20:08  Zergling x2  
  170  20:10  Unknown, Zergling x2  
  170  20:12  Zergling x2  
  170  20:13  Zergling x2  
  170  20:14  Zergling x16  
  180  20:25  Unknown x2  
  169  20:46  Unknown  
  180  21:21  Unknown, Zergling x8  
  180  21:22  Unknown x5, Zergling x12  
  180  21:23  Zergling x26  
  180  21:24  Zergling x27  
  180  21:25  Zergling x15  
  180  21:26  Zergling x13  
  180  21:27  Zergling x4  
  185  21:55  Unknown x2  
  181  22:08  Zergling x20  
Show
View Real Time Build Order
Export as new Build Order

Lion Protoss 

Build Orders:  

Get SALT Encoding   

  12  0:03  Probe (Chrono Boost)  
  13  0:10  Dark Pylon  
  13  0:16  Probe (Chrono Boost)  
  14  0:27  Probe (Chrono Boost)  
  14  0:28  Assimilator  
  15  0:39  Probe (Chrono Boost)  
  16  0:43  Assimilator  
  16  0:51  Probe (Chrono Boost)  
  17  1:05  Gateway  
  17  1:07  Probe (Chrono Boost)  
  18  1:19  Probe (Chrono Boost)  
  19  1:30  Probe (Chrono Boost), Pylon  
  20  1:46  Probe (Chrono Boost)  
  22  2:03  Probe (Chrono Boost)  
  22  2:14  Cybernetics Core  
  22  2:47  Forge  
  22  3:06  Stargate  
  22  3:09  Stargate  
  22  3:14  Pylon  
  22  4:04  Pylon  
  22  4:12  Void Ray x2  
  30  4:43  Pylon  
  30  5:12  Void Ray x2  
  37  5:49  Probe (Chrono Boost)  
  38  6:12  Void Ray x2  
  46  6:40  Nexus  
  46  6:44  Pylon  
  46  6:55  Dark Pylon  
  46  7:32  Assimilator  
  46  7:40  Assimilator, Void Ray x2  
  46  7:42  Pylon  
  46  7:45  Pylon  
  55  8:05  Probe (Chrono Boost)  
  56  8:22  Probe (Chrono Boost)  
  56  8:30  Protoss Shields Level 1  
  56  8:32  Protoss Air Weapons Level 1  
  56  8:39  Probe (Chrono Boost), Fleet Beacon  
  57  8:47  Cybernetics Core  
  57  8:50  Pylon  
  57  8:51  Probe (Chrono Boost)  
  57  8:53  Pylon  
  58  9:03  Probe (Chrono Boost)  
  59  9:14  Probe (Chrono Boost)  
  59  9:15  Probe (Chrono Boost)  
  61  9:26  Probe (Chrono Boost)  
  61  9:27  Probe (Chrono Boost)  
  63  9:38  Probe (Chrono Boost)  
  64  10:06  Probe (Chrono Boost)  
  65  10:18  Probe (Chrono Boost)  
  67  10:30  Probe (Chrono Boost)  
  67  10:40  Void Ray x2  
  67  10:41  Probe (Chrono Boost)  
  67  10:42  Protoss Air Armor Level 1  
  67  10:46  Prismatic Range  
  76  10:53  Probe (Chrono Boost)  
  77  11:04  Stargate  
  77  11:05  Probe (Chrono Boost)  
  77  11:07  Stargate  
  78  11:17  Probe (Chrono Boost)  
  79  11:49  Void Ray x2  
  86  11:55  Probe (Chrono Boost)  
  87  12:07  Probe (Chrono Boost)  
  88  12:49  Void Ray  
  88  12:53  Void Ray  
  96  13:18  Void Ray x2  
  104  13:26  Twilight Council  
  104  13:28  Protoss Air Armor Level 2, Protoss Air Weapons Level 2, Pylon  
  104  13:31  Pylon, Void Ray  
  104  13:33  Pylon  
  108  14:25  Void Ray  
  102  14:34  Void Ray x2  
  110  14:43  Void Ray  
  118  15:01  Probe (Chrono Boost)  
  119  15:11  Void Ray  
  119  15:13  Probe (Chrono Boost)  
  120  15:25  Probe (Chrono Boost)  
  125  16:05  Void Ray x2  
  133  16:10  Pylon  
  133  16:11  Pylon  
  133  16:15  Pylon  
  133  16:18  Protoss Shields Level 2  
  133  16:19  Pylon  
  133  16:20  Void Ray  
  133  16:22  Pylon  
  133  16:25  Pylon  
  133  16:28  Void Ray  
  133  16:30  Pylon  
  133  16:34  Pylon  
  133  16:36  Pylon  
  138  16:40  Pylon  
  138  16:45  Probe (Chrono Boost)  
  142  16:58  Pylon  
  142  17:00  Pylon  
  142  17:05  Pylon  
  142  17:24  Dark Pylon  
  142  18:12  Protoss Air Weapons Level 3  
  142  18:14  Protoss Air Armor Level 3  
  142  18:44  Void Ray x2  
  142  19:01  Void Ray x2  
  158  20:00  Void Ray x2  
  166  20:23  Pylon  
  166  20:25  Pylon  
  166  20:28  Photon Cannon  
  166  20:32  Photon Cannon  
  166  20:35  Photon Cannon  
  166  20:36  Photon Cannon  
  166  20:44  Photon Cannon  
  166  20:48  Photon Cannon  
  166  20:52  Pylon  
  166  21:06  Void Ray x2  
Tags
 
Add a new tag
Caveats
  • Supply blocks, unpowered buildings, or Contaminate may cause inaccurate times.
  • Supply counts are checked every 10 seconds.